Map: Congelamento ER

Players

CoronelX

  • Race: Protoss Protoss
  • League: Master
  • Spawn Location: 7:00

TheZergLord - Winner!

  • Race: Zerg Zerg
  • League: Master
  • Spawn Location: 11:00

VOD

Have the link to the VOD?

Description

Time

  • Played on: May 23, 2016, 3:46 p.m.
  • Length: 7:18
Show
View Real Time Build Order
Export as new Build Order

CoronelX Protoss 

Build Orders: 1 Gate Expand, Blink Stalkers 

Get SALT Encoding   

  12  0:01  Probe (Chrono Boost)  
  13  0:11  Probe (Chrono Boost)  
  14  0:17  Pylon  
  14  0:22  Probe (Chrono Boost)  
  15  0:36  Probe (Chrono Boost)  
  15  0:40  Gateway  
  16  0:46  Assimilator  
  16  0:47  Probe (Chrono Boost)  
  17  0:58  Probe (Chrono Boost)  
  18  1:08  Probe (Chrono Boost)  
  19  1:22  Nexus  
  19  1:33  Cybernetics Core  
  19  1:36  Probe (Chrono Boost)  
  20  1:43  Assimilator  
  20  1:47  Probe (Chrono Boost)  
  21  1:57  Probe (Chrono Boost)  
  22  2:05  Pylon  
  22  2:11  Warp Gate  
  22  2:21  Probe  
  23  2:23  Stalker (Chrono Boost)  
  25  2:35  Gateway  
  25  2:36  Gateway  
  24  2:38  Probe  
  26  2:50  Probe  
  28  2:58  Adept (Chrono Boost)  
  30  3:02  Mothership Core  
  30  3:06  Probe  
  31  3:13  Twilight Council  
  31  3:18  Pylon  
  31  3:19  Probe  
  32  3:21  Probe  
  33  3:31  Probe  
  33  3:32  Probe  
  35  3:41  Robotics Facility  
  35  3:42  Probe  
  35  3:43  Probe  
  37  3:50  Assimilator  
  37  3:54  Blink (Chrono Boost)  
  37  3:55  Probe  
  38  3:59  Probe  
  39  4:07  Probe, Assimilator  
  39  4:09  Probe  
  41  4:19  Probe  
  41  4:20  Probe  
  41  4:22  Pylon  
  43  4:29  Warp Prism  
  43  4:30  Probe  
  45  4:31  Probe  
  45  4:36  Stalker  
  49  4:38  Stalker  
  49  4:43  Probe  
  49  4:44  Probe  
  53  4:55  Gateway  
  53  5:04  Stalker x3  
  53  5:05  Probe  
  60  5:10  Probe  
  61  5:18  Observer  
  62  5:22  Pylon  
  62  5:23  Pylon  
  62  5:24  Pylon  
  62  5:33  Gateway  
  62  5:34  Gateway  
  62  5:40  Probe  
  63  5:45  Stalker x2  
  63  5:46  Stalker  
  57  6:27  Stalker x4  
  66  6:38  Stalker  
  66  6:39  Stalker  
  69  6:44  Pylon  
  69  6:50  Stalker x2  
  69  6:51  Stalker x2  
Show
View Real Time Build Order
Export as new Build Order

TheZergLord Zerg - Winner!

Build Orders: Hatch First 

Get SALT Encoding   

  12  0:01  Drone  
  13  0:12  Overlord  
  13  0:17  Drone  
  14  0:31  Drone x2  
  14  0:35  Drone  
  17  0:53  Hatchery  
  17  0:56  Drone  
  17  0:59  Drone  
  18  1:10  Extractor  
  17  1:15  Spawning Pool  
  17  1:18  Drone  
  17  1:21  Drone  
  18  1:28  Drone  
  19  1:39  Overlord  
  19  2:01  Drone  
  20  2:05  Queen x2  
  20  2:06  Drone  
  20  2:07  Zergling x2  
  26  2:11  Metabolic Boost  
  26  2:13  Drone  
  27  2:19  Drone  
  28  2:25  Drone  
  28  2:27  Drone  
  30  2:41  Hatchery  
  29  2:45  Drone x2  
  31  2:52  Drone  
  31  2:53  Drone  
  31  2:55  Overlord  
  33  3:08  Drone x2  
  33  3:09  Drone  
  36  3:13  Queen x2  
  36  3:19  Drone x3  
  43  3:23  Overlord  
  43  3:25  Drone  
  44  3:38  Overlord  
  44  3:45  Overlord  
  44  3:46  Drone x2  
  44  3:47  Drone x6  
  52  3:56  Spore Crawler  
  52  3:57  Spore Crawler  
  52  4:01  Overlord  
  50  4:03  Drone x3  
  53  4:14  Zergling x6  
  56  4:17  Drone  
  56  4:18  Roach Warren  
  56  4:27  Drone x2  
  58  4:33  Zergling x6, Extractor  
  58  4:34  Zergling x12, Extractor  
  64  4:41  Lair  
  64  4:44  Drone  
  64  4:45  Drone x2  
  67  4:50  Overlord x3  
  67  5:01  Roach x3  
  73  5:10  Roach x5  
  83  5:16  Roach x2  
  83  5:19  Roach  
  89  5:30  Overlord x3  
  89  5:41  Glial Reconstitution  
  88  5:54  Roach x7  
  88  5:55  Zergling x14  
  109  6:09  Roach  
  109  6:10  Roach x2  
  109  6:11  Roach  
  113  6:25  Overlord x2  
  113  6:26  Overlord x2  
  113  6:45  Roach  
  113  6:46  Roach x10  
  135  6:58  Overseer  
  135  6:59  Drone x5  
  140  7:09  Hatchery  
Tags
 
Add a new tag
Caveats
  • Supply blocks, unpowered buildings, or Contaminate may cause inaccurate times.
  • Supply counts are checked every 10 seconds.